 Dungeon Crawl Stone Soup version 0.21.0-24-g2553a33 (webtiles) character file.

158 Stormphoenix the Insei (level 5, 0/36 HPs)
             Began as an Octopode Monk on Jan 19, 2018.
             Slain by a bat (1 damage)
             ... on level 3 of the Dungeon.
             The game lasted 00:03:53 (1896 turns).

Stormphoenix the Insei (Octopode Monk)              Turns: 1896, Time: 00:03:54

Health: 0/36       AC:  1    Str: 14    XL:     5   Next: 40%
Magic:  5/5        EV: 14    Int: 12    God:
Gold:   76         SH:  0    Dex: 16    Spells: 4/4 levels left

rFire    . . .     SeeInvis .     - Unarmed
rCold    . . .     Gourm    .   (no shield)
rNeg     . . .     Faith    .   (helmet restricted)
rPois    .         Spirit   .   (no amulet)
rElec    .         Reflect  .   (no ring)
rCorr    .         Harm     .   (no ring)
MR       .....                  (no ring)
Stlth    +++.......             (no ring)
HPRegen  0.12/turn              (no ring)
MPRegen  0.09/turn              (no ring)
                                (no ring)
                                (no ring)

@: lethally poisoned (0 -> -2)
A: almost no armour, stealthy swim, amphibious, 8 rings, constrict 8, camouflage
1, agile 1, blurry vision 1, strong 1, gelatinous body 1
a: no special abilities


You were on level 3 of the Dungeon.
You were very hungry.

You visited 1 branch of the dungeon, and saw 3 of its levels.

You collected 76 gold pieces.

Inventory:

Scrolls
 b - a scroll of amnesia
 d - a scroll of identify {unknown}
 e - a scroll of fear
 g - 2 scrolls of remove curse
Potions
 c - 2 potions of brilliance
Comestibles
 a - 6 rations


   Skills:
 - Level 3.0 Fighting
 - Level 3.0 Dodging
 - Level 2.6 Stealth
 + Level 5.9 Unarmed Combat


You had 4 spell levels left.
You didn't know any spells.

Dungeon Overview and Level Annotations

Branches:
Dungeon (3/15)

Altars:
Ashenzari
Qazlal
Uskayaw
Vehumet

Annotations:
D:3 Natasha


Innate Abilities, Weirdness & Mutations

You cannot wear most types of armour.
You are very stealthy in the water. (Stealth+)
You are amphibious.
You can wear up to eight rings at the same time.
You can use your tentacles to constrict eight enemies at once.
Your skin changes colour to match your surroundings (Stealth+).
Your rubbery body absorbs attacks. (AC +1, EV +1)
You are agile. (Dex +2)
Scrolls take you a little longer to read.
Your muscles are strong. (Str +2)


Message History

You tentacle-slap the orc, but do no damage.
You squeeze the orc.
You kill the orc!
You feel sick. The bat closely misses you.
You tentacle-slap the orc. Your grab misses the orc.
The orc is severely wounded.
The bat barely misses you. The orc hits you but does no damage.
You bludgeon the orc!
You kill the orc!
The bat closely misses you. The worm bites you.
* * * LOW HITPOINT WARNING * * *
You tentacle-slap the adder. Your grab misses the adder.
Your squeeze misses the adder.
The adder is heavily wounded.
* * * LOW HITPOINT WARNING * * *
You feel sick. The bat barely misses you. The adder closely misses you.
You barely miss the adder. Your grab misses the adder.
The adder is heavily wounded.
The bat hits you.
You die...

####### #.....# . #.....#
.. #.....##
...########....#######...
.................).......
......)......#..######...
......)w.....##..### #...
...#..##@.....##...###...
##..Sb##.#...##..##...
##.#.##.............#
#..#...##.#.......... ...
#... #.##......... #..#
.... # .########.# §...
.(#. ...# ##.# §#. .....
#.# #..# .... #.# ##...


You could see a worm, an adder and a bat.

Vanquished Creatures
  Natasha (D:3)
  6 adders
  An ooze (D:1)
  4 dart slugs
  3 leopard geckos
  4 orcs (D:3)
  2 ball pythons
  5 giant cockroaches
  7 goblins
  6 hobgoblins
  A quokka (D:3)
  11 bats
  3 frilled lizards
  5 kobolds
  5 rats
64 creatures vanquished.

Notes
Turn   | Place    | Note
-------+----------+-------------------------------------------
     0 | D:1      | Stormphoenix the Octopode Monk began the quest for the Orb.
     0 | D:1      | Reached XP level 1. HP: 16/16 MP: 1/1
   164 | D:1      | Reached XP level 2. HP: 21/21 MP: 2/2
   381 | D:1      | Reached skill level 4 in Unarmed Combat
   490 | D:1      | Reached XP level 3. HP: 26/26 MP: 3/3
   672 | D:1      | Gained mutation: You are agile. (Dex +2) [potion of mutation]
   672 | D:1      | Gained mutation: Scrolls take you a little longer to read. [potion of mutation]
   672 | D:1      | Gained mutation: Your muscles are strong. (Str +2) [potion of mutation]
   750 | D:2      | Noticed a hand axe
   754 | D:2      | Found a hide-covered altar of Uskayaw.
   754 | D:2      | Noticed a dagger
  1084 | D:2      | Reached XP level 4. HP: 26/31 MP: 4/4
  1223 | D:2      | Reached skill level 5 in Unarmed Combat
  1376 | D:2      | Found a radiant altar of Vehumet.
  1493 | D:2      | Found a shattered altar of Ashenzari.
  1505 | D:2      | Found a stormy altar of Qazlal.
  1699 | D:3      | Noticed Natasha
  1704 | D:3      | Killed Natasha
  1704 | D:3      | Reached XP level 5. HP: 19/36 MP: 5/5
  1765 | D:3      | Noticed Natasha
  1895 | D:3      | HP: 1/36 [poisoned by an adder]
  1896 | D:3      | Slain by a bat

Skill      XL: |  1  2  3  4 |
---------------+-------------+-----
Unarmed Combat | 4 5 |  5.9
Fighting       | |  3.0
Dodging        | |  3.0
Stealth        | |  2.6

Action                   |  1- 3 |  4- 6 || total
-------------------------+-------+-------++-------
Melee: Unarmed           |    60 |    63 ||   123
       Constrict         |    21 |    16 ||    37
       Tentacles         |    13 |     9 ||    22
       Punch             |     1 |     4 ||     5
  Use: Scroll            |     4 |     3 ||     7
       Potion            |     3 |     4 ||     7
 Stab: Sleeping          |    10 |     4 ||    14
  Eat: Chunk             |       |     2 ||     2
Armor: Skin              |     3 |     9 ||    12
Dodge: Dodged            |    32 |    52 ||    84
